 Dungeon Crawl Stone Soup version 0.29.1-12-g30fa7ad0bf (webtiles) character file.

Game seed: 3653643612123674546

9 112233 the Digger (level 2, 0/17 HPs)
             Began as an Octopode Earth Elementalist on Dec 17, 2022.
             Was a Plaything of Xom.
             Killed from afar by Sigmund (8 damage)
             ... with a puff of flame
             ... on level 2 of the Dungeon.
             The game lasted 00:00:26 (410 turns).

112233 the Digger (Octopode Earth Elementalist)      Turns: 410, Time: 00:00:26

Health: 0/17       AC:  1    Str:  7    XL:     2   Next: 12%
Magic:  5/5        EV: 13    Int: 17    God:    Xom [..*...]
Gold:   26         SH:  0    Dex: 12    Spells: 4/5 levels left

rFire   . . .      SeeInvis .   (no weapon)
rCold   + . .      Faith    .   (no shield)
rNeg    . . .      Spirit   .   (helmet restricted)
rPois   .          Reflect  .   (no amulet)
rElec   .          Harm     .   d - ring of protection from cold
rCorr   .          Rampage  .   (no ring)
Will    .....                   (no ring)
Stlth   +++.......              (no ring)
HPRegen 0.05/turn               (no ring)
MPRegen 0.09/turn               (no ring)
                                (no ring)
                                (no ring)

@: no status effects
A: almost no armour, amphibious, 8 rings, camouflage 1, gelatinous body 1,
(nimble swimmer 1), tentacles
a: Renounce Religion


You were on level 2 of the Dungeon.
You worshipped Xom.
You were a toy of Xom.
You visited 1 branch of the dungeon, and saw 2 of its levels.

You collected 26 gold pieces.

Inventory:

Jewellery
 d - a ring of protection from cold (left tentacle)
Scrolls
 b - a scroll of noise {unknown}
 c - a scroll of teleportation {unknown}
 e - a scroll of identify {unknown}
Potions
 a - a potion of magic
 f - a potion of curing {unknown}


   Skills:
 - Level 2.0 Dodging
 - Level 2.7 Stealth
 - Level 2.0 Spellcasting
 - Level 1.0 Transmutations
 + Level 3.5 Earth Magic


You had 4 spell levels left.
You knew the following spells:

 Your Spells              Type           Power      Damage    Failure   Level
a - Sandblast             Erth           26%        2d8       4%          1

Your spell library contained the following spells:

 Spells                   Type           Power      Damage    Failure   Level
 Passwall                 Tmut/Erth      7%         N/A       12%         2
 Stone Arrow              Conj/Erth      14%        3d7       28%         3
 Petrify                  Tmut/Erth      9%         N/A       58%         4


Dungeon Overview and Level Annotations

Branches:
Dungeon (2/15)

Altars:
Xom

Annotations:
D:2 Sigmund


Innate Abilities, Weirdness & Mutations

You cannot wear most types of armour.
You are amphibious.
You can wear up to eight rings at the same time.
Your skin changes colour to match your surroundings (Stealth+).
Your rubbery body absorbs attacks. (AC +1, EV +1)
((You are camouflaged when in or above water. (Stealth+)))
You have tentacles for arms and can constrict up to eight enemies at once.


Message History

Aim: a hobgoblin (82% to hit)
The blast of sand hits the hobgoblin!
You kill the hobgoblin!
Unknown command.
You start resting.
Magic restored.
You start resting.
HP restored.
There is a faded altar of an unknown god here.
You cannot tell which god this altar belongs to.
Convert to them anyway?
Xom accepts your prayer! Xom welcomes you!
Xom is very intrigued!
Unknown command.
Press < or > to pray at altars.
Found a stone staircase leading down.
There is a stone staircase leading down here.
You now have 26 gold pieces (gained 16).
You open the door.
There is an open door here.
Sigmund the Dreaded comes into view.
He is wielding a +0 scythe and carrying a wand of flame (16).
Sigmund shouts!
Sigmund zaps a wand.
The puff of flame hits you!
Sigmund is nearby!
Sigmund zaps a wand.
The puff of flame hits you.
Sigmund is nearby!
You are too injured to fight recklessly!
Sigmund is nearby!
Casting: Sandblast (safe; 4% risk of failure)
Confirm with . or Enter, or press ? or * to list all spells.
You can't see any susceptible monsters within range! (Use Z to cast anyway.)
You are too injured to fight recklessly!
You are too injured to fight recklessly!
Unknown command.
Unknown command.
You are too injured to fight recklessly!
An endoplasm comes into view.
Sigmund zaps a wand.
The puff of flame hits you!
You die...
Xom chuckles heartily!

#........ #........
#....@..J #........
#........ #........
#........
####@.......
#...######+#####
#...# #..>.....######
#...# ###.####.......
#...#####.###...#....
#...##......#._.#....
#...##.##...#...#....
#...##.##...#........
#...##'##...#........


You could see Sigmund and an endoplasm (wandering).

Vanquished Creatures
  A giant cockroach (D:2)
  3 hobgoblins (D:2)
  A bat (D:2)
  A frilled lizard (D:2)
  A goblin (D:2)
  2 rats
9 creatures vanquished.

Notes
Turn   | Place    | Note
-------+----------+-------------------------------------------
     0 | D:1      | 112233 the Octopode Earth Elementalist began the quest for
                  | the Orb.
     0 | D:1      | Reached XP level 1. HP: 11/11 MP: 3/3
   233 | D:2      | Found a faded altar of an unknown god.
   249 | D:2      | Reached XP level 2. HP: 17/17 MP: 1/5
   377 | D:2      | Prayed at the altar of an unknown god.
   377 | D:2      | Became a worshipper of Xom of Chaos
   408 | D:2      | Noticed Sigmund
   410 | D:2      | Killed from afar by Sigmund

Illustrated notes

Levels and vault maps discovered:
D:1:      evilmike_arrival_plus, layout_loops_cross, serial_shops,
          nicolae_shop_crystal, nicolae_shop_bloodbath_and_beyond, shop, shop
D:2:      layout_basic, basic_ecumenical_altar, uniq_sigmund

Action                   || total
-------------------------++-------
Melee: Unarmed           ||     1
       Constrict         ||     1
 Cast: Sandblast         ||    12
Dodge: Dodged            ||     6
